 Dungeon Crawl Stone Soup version 0.30-a0-1123-gabc949cf19 (webtiles) character file.

Game seed: 11130930370435008139

1605880 jt the Slayer (level 27, 316/316 HPs)
             Began as a Naga Brigand on Apr 22, 2023.
             Was the Champion of Okawaru.
             Escaped with the Orb
             ... and 3 runes on Apr 24, 2023!
             The game lasted 05:25:26 (74826 turns).

jt the Slayer (Naga Brigand)                       Turns: 74826, Time: 05:25:27

Health: 316/316    AC: 54    Str: 25    XL:     27
Magic:  11/11      EV:  6    Int: 20    God:    Okawaru [******]
Gold:   1306       SH: 31    Dex: 17    Spells: 33/40 levels left

rFire   + + +        b - +5 demon whip "Spellbinder" {antimagic, disrupt, Will+}
rCold   + . .        x - +8 tower shield {reflect}
rNeg    + . .        f - +9 storm dragon scales of Rotation {rElec Stlth+}
rPois   +            r - +2 helmet {Int+3}
rElec   +            H - scarf {rC+ rF+}
rCorr   +            U - +2 pair of gloves of Voracious Wonder {Rampage rF++ Str-2 Stlth+}
SInv    +            y - +10 Black Knight's barding {ponderous, rPois rN+}
Will    +++++        Z - amulet of faith
Stlth   +            S - ring "Lum Racs" {Str+5 Int+6}
HPRegen 0.72/turn    B - ring "Erhyuler" {+Blink Will+ rCorr Int-2 Dex+2}
MPRegen 0.12/turn

%: random rage (3%), reflection, rampage, faith
@: on berserk cooldown, studying 2 skills, very slow
A: AC +9, large, see invisible, deformed body, poison resistance, slowness 2,
spit poison 1, naga tail 2, berserk 1, dopey 1, low MP 1, strong-willed 1,
robust 1
0: Orb of Zot
}: 3/15 runes: serpentine, barnacled, silver
a: Spit Poison, Renounce Religion, Evoke Blink, Heroism, Finesse, Duel


You escaped.
You worshipped Okawaru.
Okawaru was exalted by your worship.
You visited 11 branches of the dungeon, and saw 51 of its levels.
You visited 1 bazaar.
You also visited: Ossuary, Bailey, Gauntlet and Wizlab.

You collected 10498 gold pieces.
You spent 9192 gold pieces at shops.

Inventory:

Hand Weapons
 a - the +8 demon whip of Wawour {vamp, rPois Will+ Int+6 Stlth+}
   (Okawaru gifted it to you on level 1 of the Snake Pit)

   Int:       It affects your intelligence (+6).
   rPois:     It protects you from poison.
   Will:      It increases your willpower.
   Stlth:     It makes you more stealthy.
 b - the +5 demon whip "Spellbinder" (weapon) {antimagic, disrupt, Will+}
   (You acquired it on level 3 of the Crypt)

   Will:      It increases your willpower.
 c - a +9 eveningstar of venom
Missiles
 h - 2 curare-tipped darts
 D - 58 javelins
 I - 15 silver javelins
 K - 5 throwing nets
Armour
 f - the +9 storm dragon scales of Rotation (worn) {rElec Stlth+}
   (You found it on level 5 of the Vaults)

   rElec:     It insulates you from electricity.
   Stlth:     It makes you more stealthy.
 r - a +2 helmet of intelligence (worn)
 x - a +8 tower shield of reflection (worn)
 y - the +10 Black Knight's barding (worn) {ponderous, rPois rN+}
   (You found it on level 13 of the Dungeon)

   rPois:     It protects you from poison.
   rN:        It protects you from negative energy.
 H - a scarf of resistance (worn)
 U - the +2 pair of gloves of Voracious Wonder (worn) {Rampage rF++ Str-2 Stlth+}
   (You bought it in a shop on level 1 of the Snake Pit)

   Str:       It affects your strength (-2).
   rF:        It greatly protects you from fire.
   Rampage:   It bestows one free step when moving towards enemies.
   Stlth:     It makes you more stealthy.
Jewellery
 j - the ring "Bumi" {rElec rN+ Dex+3}
   (You found it on level 3 of the Crypt)

   [ring of positive energy]

   Dex:       It affects your dexterity (+3).
   rElec:     It insulates you from electricity.
   rN:        It protects you from negative energy.
 n - a ring of flight
 q - a ring of magical power
 z - the ring "Jyaqiop" {rF++ rC+ Will- MP+9 Stlth+}
   (You found it on level 4 of the Shoals)

   [ring of protection from cold]

   rF:        It greatly protects you from fire.
   rC:        It protects you from cold.
   MP:        It affects your magic capacity (+9).
   Will:      It decreases your willpower.
   Stlth:     It makes you more stealthy.
 B - the ring "Erhyuler" (right hand) {+Blink Will+ rCorr Int-2 Dex+2}
   (You took it off an orc high priest on level 2 of the Vaults)

   [ring of resist corrosion]

   Int:       It affects your intelligence (-2).
   Dex:       It affects your dexterity (+2).
   +Blink:    It lets you blink.
   rCorr:     It protects you from acid and corrosion.
   Will:      It increases your willpower.
 G - a ring of protection from cold
 S - the ring "Lum Racs" (left hand) {Str+5 Int+6}
   (You bought it in a shop on level 4 of the Vaults)

   [ring of intelligence]

   Str:       It affects your strength (+5).
   Int:       It affects your intelligence (+6).
 Z - an amulet of faith (around neck)
Wands
 v - a wand of polymorph (47)
 C - a wand of roots (33)
 E - a wand of light (13)
 L - a wand of digging (22)
 M - a wand of mindburst (43)
 N - a wand of flame (88)
Scrolls
 e - 7 scrolls of magic mapping
 i - 8 scrolls of silence
 l - 12 scrolls of fog
 m - 10 scrolls of teleportation
 F - 3 scrolls of blinking
 O - 3 scrolls of vulnerability
 Q - 2 scrolls of enchant armour
 R - 13 scrolls of immolation
 V - 6 scrolls of fear
 W - 9 scrolls of poison
Potions
 d - 7 potions of heal wounds
 g - 9 potions of flight
 k - 18 potions of brilliance
 o - 5 potions of might
 p - 5 potions of resistance
 s - 3 potions of berserk rage
 t - 10 potions of mutation
 u - 5 potions of cancellation
 A - 4 potions of haste
 P - 3 potions of magic
 X - 2 potions of ambrosia
 Y - 18 potions of curing
Miscellaneous
 w - a tin of tremorstones (2/2)
 J - a lightning rod (4/4)
 T - a phial of floods


   Skills:
 - Level 24.7 Fighting
 - Level 2.0 Short Blades
 - Level 16.0 Maces & Flails
 - Level 2.0 Throwing
 + Level 15.4 Armour
 - Level 4.0 Dodging
 - Level 6.8 Stealth
 - Level 22.0 Shields
 - Level 7.0 Spellcasting
 + Level 13.7 Translocations
 - Level 8.0 Transmutations
 - Level 4.0 Air Magic
 - Level 20.0 Invocations
 - Level 7.9 Evocations


You had 33 spell levels left.
You knew the following spells:

 Your Spells              Type           Power      Damage    Failure   Level
a - Wereblood             Tmut           39%        N/A       3%          2
b - Vhi's Electric Charg  Tloc/Air       84%        N/A       4%          3
c - Blink                 Tloc           100%       N/A       1%          2

Your spell library contained the following spells:

 Spells                   Type           Power      Damage    Failure   Level
 Beastly Appendage        Tmut           78%        N/A       1%          1
 Manifold Assault         Tloc           58%        N/A       1%          4
 Portal Projectile        Hex/Tloc       68%        N/A       10%         3
 Volatile Blastmotes      Fire/Tloc      68%        2d15      10%         3
 Sting                    Tmut/Pois      92%        1d7       11%         1
 Passwall                 Tmut/Erth      19%        N/A       16%         2
 Dispersal                Tloc           29%        N/A       30%         6
 Spider Form              Tmut/Pois      23%        N/A       32%         3
 Iskenderun's Mystic Bla  Conj/Tloc      34%        2d8       32%         4
 Poisonous Vapours        Pois/Air       30%        N/A       36%         2
 Cigotuvi's Dreadful Rot  Necr/Pois/Air  24%        N/A       45%         2
 Sandblast                Erth           14%        2d6       50%         1
 Blade Hands              Tmut           19%        N/A       50%         5
 Sublimation of Blood     Necr           7%         N/A       63%         2
 Dazzling Flash           Conj/Hex       14%        N/A       86%         3
 Ozocubu's Armour         Ice            7%         N/A       86%         3
 Stone Arrow              Conj/Erth      14%        3d7       86%         3
 Alistair's Intoxication  Tmut/Pois      15%        N/A       96%         5
 Anguish                  Hex/Necr       3%         N/A       99%         4
 Cause Fear               Hex            3%         N/A       99%         4
 Dispel Undead            Necr           7%         3d8       99%         4
 Leda's Liquefaction      Hex/Erth       3%         N/A       99%         4
 Olgreb's Toxic Radiance  Pois           7%         N/A       99%         4
 Arcjolt                  Conj/Air       7%         1d17      100%        5
 Borgnjor's Vile Clutch   Necr/Erth      3%         N/A       100%        5
 Iskenderun's Battlesphe  Conj           7%         2d6       100%        5
 Metabolic Englaciation   Hex/Ice        3%         N/A       100%        5
 Eringya's Noxious Bog    Tmut/Pois      11%        N/A       100%        6
 Iron Shot                Conj/Erth      3%         9d2       100%        6
 Plasma Beam              Fire/Air       7%         2x1d20    100%        6
 Starburst                Conj/Fire      3%         6d3       100%        6
 Enfeeble                 Hex            3%         N/A       100%        7
 Ozocubu's Refrigeration  Ice            3%         4d8       100%        7
 Storm Form               Tmut/Air       15%        N/A       100%        7
 Borgnjor's Revivificati  Necr           3%         N/A       100%        8
 Disjunction              Tloc           29%        N/A       100%        8
 Necromutation            Tmut/Necr      11%        N/A       100%        8
 Chain Lightning          Conj/Air       7%         3d10      100%        9
 Death's Door             Necr           3%         N/A       100%        9
 Fire Storm               Conj/Fire      3%         8d1       100%        9
 Polar Vortex             Ice            3%         N/A       100%        9
 Shatter                  Erth           3%         3d7*      100%        9
 Call Canine Familiar     Summ           Unusable   N/A       N/A         3
 Animate Armour           Summ/Erth      Unusable   N/A       N/A         4
 Death Channel            Necr           Unusable   N/A       N/A         6
 Simulacrum               Ice/Necr       Unusable   N/A       N/A         6
 Haunt                    Necr/Summ      Unusable   N/A       N/A         7
 Malign Gateway           Summ/Tloc      Unusable   N/A       N/A         7
 Spellforged Servitor     Conj/Summ      Unusable   N/A       N/A         7
 Infestation              Necr           Unusable   N/A       N/A         8
 Summon Horrible Things   Summ           Unusable   N/A       N/A         8

Dungeon Overview and Level Annotations

Branches:
Dungeon (15/15)            Temple (1/1) D:4            Lair (5/5) D:10
 Shoals (4/4) Lair:2        Snake (4/4) Lair:2        Slime (0/5) Lair:5
    Orc (2/2) D:11            Elf (3/3) Orc:2        Vaults (5/5) D:14
  Crypt (3/3) Vaults:2       Tomb (0/3) Crypt:3      Depths (4/4) D:15
    Zot (5/5) Depths:4    Ossuary (visited)          Bailey (visited)
 WizLab (visited)         Gauntlet (visited)

Altars:
Ashenzari
Cheibriados
Dithmenos
Elyvilon
Fedhas
Gozag
Hepliaklqana
Kikubaaqudgha
Makhleb
Nemelex Xobeh
Okawaru
Qazlal
Ru
Sif Muna
Trog
Uskayaw
Vehumet
Wu Jian
Xom
Yredelemnul
Zin
The Shining One

Shops:
D:5 ?   D:8 *[[[   D:15 [   Orc:1 *   Orc:2 ![?!:!   Elf:2 :   Snake:1 [
Snake:2 **   Snake:3 (   Snake:4 (   Vaults:4 =*=(   Vaults:5 ?!?!??

Portals:
Hell: Lair:5 Depths:2 Depths:3 Depths:4
Abyss: Depths:2 Depths:3
Pandemonium: Depths:2 Depths:4
Ziggurat: Depths:2

Annotations:
D:7 2 transporters, bmj180's ghost, novice DrFE
D:9 exclusion: statue
Lair:5 3 runed translucent doors, Domino's ghost, journeyman MiBe
Elf:2 3 runed translucent doors


Innate Abilities, Weirdness & Mutations

Your serpentine skin is tough. (AC +9)
You have supernaturally acute eyesight. (SInv)
Armour fits poorly on your strangely shaped body.
Your system is resistant to poisons. (rPois)
You cover ground very slowly.
You can spit poison.
You can use your snake-like lower body to constrict enemies.
You sometimes lose your temper in combat.
You are dopey. (Int -2)
Your magical capacity is low. (-10% MP)
You are strong-willed. (Will+)
You are robust. (+10% HP)


Message History

You hit the ice devil.
The ice devil is almost dead.
You constrict the ice devil. You block the crimson imp's attack.
You block the ice devil's attack.
You whack the ice devil!
You kill the ice devil!
Okawaru accepts your kill.
A red film seems to cover your vision as you go berserk!
You feel yourself moving faster!
You feel mighty!
You whack the crimson imp!
You kill the crimson imp!
Okawaru accepts your kill.
No target in view!
You feel a strong urge to attack something.
There is an open door, spattered with blood here.
You feel your anger nearly subside.
You are no longer berserk.
You are exhausted.
You feel yourself slow down.
Aiming: Dig
Press: ? - help, Shift-Dir - straight line, f - you Please select a direction to dig.
This square is covered in magical glow.
The rock shatters into small pieces.
There is a stone staircase leading up here.
You climb upwards.
There is a stone staircase leading down here.
You start resting.
You feel yourself speed up.
Aiming: Dig
Press: ? - help, Shift-Dir - straight line You can't see that place. [the floor.]
The rock shatters into small pieces.
Aiming: Dig
Press: ? - help, Shift-Dir - straight line This square is covered in magical glow.
The rock shatters into small pieces.
Blink to where?
Press: ? - help, Dir - move target
As you read the scroll of blinking, it crumbles to dust.
You have escaped!

#####.......#########.......## #.
##.....####.......####.....###.
##....###.............###....##.
#....##.....#######.....##....#.
##....#....###.....###....##...##
#....####..#.........##....#....#
#...##........#####...##...##...#
#...#....######...##...#....#...#
#........#......@..#...######...#
#...#....#...##...##...#........#
#...##...##...##..#...##...######
#....#....##...#.....##....#.....
##...##....###.#...###....##.....
##....##.....#####.#.....##......
###....###.............###....###
# ##.....####........###.....###.
# ##.......#####.##........##...


There were no monsters in sight!

Vanquished Creatures
  2 dread liches
  6 orbs of fire (Zot:5)
  2 ancient liches
  Frederick (Vaults:4)
  2 Killer Klowns (Zot:5)
  Bai Suzhen (Snake:4)
  A caustic shrike (Zot:5)
  Margery (Vaults:5)
  Saint Roka (Crypt:3)
  A curse toe (Zot:4)
  Nikola (Snake:4)
  Jory (Crypt:3)
  10 golden dragons
  4 electric golems
  2 doom hounds (Crypt:1)
  A shard shrike zombie (Crypt:2)
  Zenata (Crypt:3)
  Mlioglotl (Snake:1)
  5 tentacled monstrosities
  2 deep elf blademasters (Elf:3)
  28 Orb Guardians
  2 deep elf master archers (Elf:3)
  2 liches
  Grunn (Crypt:1)
  5 titans (Vaults:5)
  3 quicksilver dragons
  3 pandemonium lords
  Gastronok (D:8)
  2 death cobs (Zot:4)
  2 ancient champions
  7 shadow dragons
  5 sphinxes
  4 tengu reavers
  14 storm dragons
  The ghost of Ruem the Warrior, a journeyman MiBe of Trog (Depths:4)
  8 nagarajas
  A draconian knight (Zot:4)
  5 revenants
  6 fire giants
  2 draconian scorchers (Zot:4)
  5 deep elf sorcerers (Elf:3)
  19 vault wardens
  9 frost giants
  2 ghost moths
  An emperor scorpion (D:15)
  Aizul (Snake:4)
  Louise (Depths:2)
  A juggernaut zombie (Crypt:3)
  2 draconian shifters
  A balrug (Depths:2)
  A cacodemon (Depths:2)
  The ghost of Fypuno Aqar the Pyromancer, an adept DEFE of Elyvilon (Vaults:2)
  A reaper (D:8)
  7 deep elf elementalists (Elf:3)
  4 draconian stormcallers (Depths:4)
  19 ironbound preservers
  5 curse skulls
  4 orc warlords
  2 demonspawn blood saints
  5 war gargoyles
  20 very ugly things
  16 stone giants
  A draconian annihilator (Zot:5)
  10 ironbound thunderhulks
  A demonspawn black sun (Depths:2)
  2 black draconians
  5 green draconians
  13 vampire knights
  Azrael (Elf:2)
  5 dire elephants
  3 red draconians (Zot:4)
  3 yellow draconians
  15 deep elf annihilators
  5 purple draconians
  5 deep elf demonologists
  A minotaur (Gauntlet)
  An orange crystal statue (WizLab)
  4 white draconians
  13 spark wasps
  3 deep elf death magi (Elf:3)
  An eidolon (Crypt:1)
  An acid blob zombie (Crypt:1)
  A blizzard demon (Gauntlet)
  A spark wasp (shapeshifter) (Depths:3)
  2 merfolk javelineers
  4 crystal guardians
  17 ettins
  6 great orbs of eyes
  5 jiangshi (Crypt:3)
  9 fire dragons
  9 merfolk impalers
  5 yaktaur captains
  3 entropy weavers
  7 ice dragons
  9 deep elf high priests
  3 rakshasas
  2 fenstrider witch zombies
  5 peacekeepers
  33 vault guards
  4 spriggan air magi
  A hell beast (Gauntlet)
  5 hydras
  3 ogre magi
  A caustic shrike simulacrum (Crypt:3)
  An alligator snapping turtle (Shoals:2)
  10 ironbound frosthearts
  A death knight (D:14)
  3 merfolk avatars
  13 anacondas
  27 centaur warriors
  10 two-headed ogres
  2 fenstrider witch skeletons (Crypt:3)
  2 merfolk aquamancers (Shoals:4)
  A catoblepas (Lair:2)
  6 boulder beetles
  3 satyrs
  20 dancing weapons
  7 death yaks
  A titan zombie (Crypt:3)
  15 naga warriors
  3 deep troll shamans
  8 deep troll earth magi
  9 vampire magi
  Urug (Arena)
  13 naga sharpshooters
  9 shock serpents
  17 hell knights
  9 orc high priests
  A spriggan berserker (Depths:3)
  Nergalle (D:11)
  A sun demon (Depths:2)
  A soul eater (Depths:2)
  A skyshark (shapeshifter) (Vaults:2)
  13 deep elf knights
  3 storm dragon zombies (Crypt:3)
  6 skysharks
  20 skeletal warriors
  5 iron trolls
  2 sixfirhies
  3 salamander mystics
  2 bunyip zombies
  An anaconda zombie (Crypt:3)
  Lodul (D:10)
  4 glowing orange brains
  3 golden dragon zombies (Crypt:3)
  2 orb spiders (shapeshifter) (Vaults:5)
  15 sea snakes
  6 deep elf archers
  40 deep trolls
  A flayed ghost (Crypt:3)
  6 wizards
  A shadow demon (Zot:2)
  7 naga ritualists
  13 orc knights
  12 necromancers
  An obsidian statue (Vaults:2)
  9 lindwurms
  Pikel (D:8)
  9 phantasmal warriors
  15 deep elf zephyrmancers
  22 ironbound convokers
  17 mana vipers
  21 harpies
  An iron dragon zombie (Crypt:2)
  24 deep elf pyromancers
  8 orc sorcerers
  30 ugly things
  7 fauns
  10 moths of wrath
  13 salamanders
  A stone giant zombie (Crypt:3)
  13 cyclopes
  11 manticores
  2 centaur zombies (Crypt:3)
  A moth of wrath (shapeshifter) (Vaults:5)
  3 elephants (Lair:4)
  A fire giant skeleton (Crypt:3)
  A dire elephant zombie (Crypt:3)
  18 vault sentinels
  12 merfolk sirens
  16 naga magi
  16 guardian serpents
  Joseph (D:8)
  2 spectral iron trolls (Crypt:1)
  9 water nymphs
  37 black mambas
  A titan simulacrum (Crypt:3)
  2 torpor snails (Lair:5)
  A dire elephant skeleton (Crypt:1)
  A yaktaur zombie (Vaults:1)
  3 smoke demons
  An unseen horror (D:12)
  3 orange demons
  12 cane toads
  3 gargoyles (D:12)
  2 hellions
  A torpor snail (shapeshifter) (Vaults:5)
  A grey draconian zombie (Crypt:2)
  9 yaktaurs
  A rime drake (shapeshifter) (Vaults:5)
  Psyche (D:8)
  8 rime drakes
  6 freezing wraiths
  An unseen horror zombie (D:10)
  A black draconian skeleton (Crypt:3)
  2 tormentors
  2 efreet
  6 komodo dragons
  An iron troll zombie (Crypt:3)
  4 tengu conjurers
  A white draconian skeleton (Crypt:2)
  A yaktaur skeleton (Vaults:1)
  A sea snake zombie (Crypt:3)
  4 ice devils
  A yellow draconian skeleton (Crypt:3)
  5 red devils
  A hellwing (Depths:2)
  A grey draconian skeleton (Crypt:2)
  A spectral deep troll (Crypt:1)
  3 trolls
  A queen bee (Gauntlet)
  34 merfolk
  4 wind drakes
  A polar bear (Lair:4)
  A human skeleton (Vaults:1)
  4 hornets
  24 blink frogs
  12 dream sheep
  An ettin zombie (Vaults:1)
  7 snapping turtles
  A meliai zombie (D:10)
  Sigmund (D:3)
  2 spriggans (shapeshifter)
  2 spriggans (Depths:3)
  2 shadows (D:12)
  A culicivora (shapeshifter) (Elf:1)
  3 centaur simulacra (Gauntlet)
  14 flying skulls
  4 wraiths
  A satyr skeleton (Crypt:2)
  46 slime creatures
  2 air elementals (Elf:1)
  A wyvern (D:10)
  18 water elementals
  21 vampires
  A ynoxinul (Zot:2)
  A human (shapeshifter) (Elf:2)
  18 humans (D:14)
  A chaos spawn (Depths:2)
  47 yaks
  14 vampire mosquitoes
  A neqoxec (Depths:2)
  8 fire elementals
  6 basilisks
  A redback (Vaults:1)
  18 steam dragons
  7 wargs
  3 acid dragons
  A merfolk zombie (Crypt:1)
  37 nagas
  A naga zombie (Crypt:3)
  A faun skeleton (Crypt:1)
  24 water moccasins
  A fire bat skeleton (Crypt:3)
  A floating eye (shapeshifter) (Vaults:5)
  9 hell hounds
  An ice beast (D:7)
  2 black bears
  3 sky beasts
  35 orc warriors
  18 ogres
  14 wolves
  18 centaurs
  3 lemures
  A phantom (D:4)
  3 kobold brigands
  10 bullfrogs
  3 elf zombies
  5 scorpions
  A draconian skeleton (Crypt:2)
  4 gnoll sergeants
  6 earth elementals
  7 wights
  A hornet simulacrum (Gauntlet)
  3 killer bees (Gauntlet)
  2 howler monkeys (D:10)
  An electric eel (Lair:2)
  A crimson imp (D:2)
  2 lava snakes (D:10)
  A jelly (D:5)
  A bullfrog skeleton (Crypt:1)
  3 hounds
  A gnoll bouda (D:10)
  24 orc priests
  Ijyb (D:4)
  A human zombie (Ossuary)
  3 iguanas
  A sleepcap (D:7)
  18 orc wizards
  5 hell rats (Lair:1)
  A deep dwarf zombie (Crypt:2)
  An ogre skeleton (Crypt:1)
  3 mummies
  27 gnolls
  6 adders
  A swamp drake skeleton (Crypt:3)
  A shadow imp (D:7)
  2 ufetubi (D:4)
  An adder skeleton (Crypt:2)
  2 adder zombies (Ossuary)
  A lava snake skeleton (Crypt:1)
  3 worms
  3 dart slugs
  84 orcs
  7 endoplasms
  3 giant cockroaches
  13 goblins
  5 hobgoblins
  2 jackals (D:4)
  6 quokkas
  7 ball pythons
  2 bats
  2 frilled lizards (D:3)
  2 goblin zombies
  9 hobgoblin zombies (Ossuary)
  2 jackal zombies (Ossuary)
  17 kobolds
  8 kobold zombies (Ossuary)
  12 orc zombies
  3 rats
  A rat zombie (Ossuary)
2138 creatures vanquished.

Vanquished Creatures (others)
  A Killer Klown (Zot:5)
  A deep elf demonologist (Elf:3)
  A vault guard (Vaults:5)
  2 deep elf knights
  A naga (Snake:2)
  An orc wizard (Orc:2)
  5 orcs (Orc:2)
  27 fungi
  81 plants
120 creatures vanquished.

Grand Total: 2258 creatures vanquished

Notes
Turn   | Place    | Note
-------+----------+-------------------------------------------
     0 | D:1      | jt the Naga Brigand began the quest for the Orb.
     0 | D:1      | Reached XP level 1. HP: 19/19 MP: 1/1
   348 | D:1      | Reached XP level 2. HP: 26/26 MP: 2/2
  1395 | D:2      | Reached XP level 3. HP: 33/33 MP: 3/3
  1820 | D:2      | Noticed a phantom
  2067 | D:3      | Found a faded altar of an unknown god.
  2125 | D:3      | Reached skill level 1 in Maces & Flails
  2125 | D:3      | Reached skill level 1 in Shields
  2125 | D:3      | Reached XP level 4. HP: 17/40 MP: 4/4
  2701 | D:3      | Noticed Sigmund
  2707 | D:3      | Killed Sigmund
  2708 | D:3      | Reached XP level 5. HP: 48/48 MP: 5/5
  2708 | D:3      | Reached XP level 6. HP: 55/55 MP: 6/6
  3179 | D:4      | Noticed Ijyb
  3187 | D:4      | Killed Ijyb
  3241 | D:4      | Reached skill level 1 in Evocations
  3303 | D:4      | Found a broken altar of Ashenzari.
  3433 | D:3      | Prayed at the altar of an unknown god.
  3433 | D:3      | Became a worshipper of Warmaster Okawaru
  3433 | D:3      | Reached * piety under Okawaru
  3613 | D:4      | Reached XP level 7. HP: 30/61 MP: 7/7
  4028 | D:4      | Reached skill level 5 in Maces & Flails
  4149 | D:4      | Found a staircase to the Ecumenical Temple.
  4176 | Temple   | Entered the Ecumenical Temple
  4392 | D:5      | Entered Level 5 of the Dungeon
  4724 | D:5      | Reached ** piety under Okawaru
  4744 | D:5      | Found a blossoming altar of Fedhas.
  4744 | D:5      | Found a glowing golden altar of the Shining One.
  4745 | D:5      | Found an ancient bone altar of Kikubaaqudgha.
  4768 | D:5      | Found a stormy altar of Qazlal.
  4817 | D:5      | Reached XP level 8. HP: 68/68 MP: 8/8
  5057 | D:5      | Found Nanuzis's Magic Scroll Shop.
  5067 | D:5      | Bought a scroll of teleportation for 39 gold pieces
  5586 | D:6      | Identified the +0 ring mail of Hysteria {+Inv rN++ SInv
                  | Stlth-}
  5721 | D:6      | Found a burning altar of Makhleb.
  5833 | D:6      | Reached skill level 5 in Shields
  6008 | D:6      | Found a white marble altar of Elyvilon.
  6160 | D:6      | Reached *** piety under Okawaru
  6494 | D:7      | Found a sand-covered staircase.
  6507 | D:7      | Reached XP level 9. HP: 67/74 MP: 9/9
  6529 | Ossuary  | Entered an ossuary
  7025 | D:7      | Found a transporter.
  7050 | D:7      | Reached skill level 1 in Invocations
  7095 | D:7      | Noticed bmj180's ghost (novice DrFE)
  7097 | D:7      | Noticed a moth of wrath
  7133 | D:7      | Found a hazy altar of Hepliaklqana.
  7630 | D:7      | Found a transporter.
  7739 | D:8      | Found Vomaneum's Assorted Antiques.
  7739 | D:8      | Found Focog's Antique Armour Shop.
  7739 | D:8      | Found Ifafigeck's Armour Shop.
  7741 | D:8      | Bought a lead wand for 112 gold pieces
  7741 | D:8      | Bought a scratched coral ring for 140 gold pieces
  7760 | D:8      | Noticed a two-headed ogre
  7911 | D:8      | Found Abuschek's Antique Armour Emporium.
  7913 | D:8      | Noticed Joseph
  7920 | D:8      | Noticed Psyche
  7925 | D:8      | Killed Joseph
  7925 | D:8      | Received a gift from Okawaru
  7933 | D:8      | Killed Psyche
  7934 | D:8      | Reached XP level 10. HP: 34/82 MP: 11/13
  8193 | D:8      | Killed a two-headed ogre
  8194 | D:8      | Reached skill level 10 in Maces & Flails
  8194 | D:8      | Reached skill level 5 in Invocations
  8619 | D:8      | Noticed Gastronok
  8619 | D:8      | Noticed Pikel
  8878 | D:8      | Killed Pikel
  8878 | D:8      | Reached **** piety under Okawaru
  9016 | D:8      | Killed Gastronok
  9023 | D:8      | Noticed a two-headed ogre
  9298 | D:9      | Found a bloodstained altar of Trog.
  9340 | D:8      | Reached ***** piety under Okawaru
  9499 | D:9      | Reached XP level 11. HP: 64/88 MP: 14/14
  9565 | D:9      | Found a flagged portal.
  9575 | Bailey   | Entered a bailey
 12281 | D:9      | Received a gift from Okawaru
 12446 | D:9      | Found a radiant altar of Vehumet.
 12474 | D:10     | Entered Level 10 of the Dungeon
 12628 | D:10     | Found a sparkling altar of Nemelex Xobeh.
 12646 | D:10     | Found a shimmering blue altar of Sif Muna.
 12659 | D:10     | Noticed Urug
 12667 | Arena    | Entered the Arena
 12680 | Arena    | Killed Urug
 13140 | D:8      | Killed a two-headed ogre
 14122 | D:9      | Reached XP level 12. HP: 49/96 MP: 15/18
 14362 | D:10     | Found a staircase to the Lair.
 14636 | D:10     | Received a gift from Okawaru
 15046 | D:10     | Reached skill level 10 in Invocations
 15119 | D:10     | Found a basalt altar of Yredelemnul.
 15146 | D:10     | Noticed Lodul
 16304 | Lair:1   | Entered Level 1 of the Lair of Beasts
 16597 | Lair:1   | Received a gift from Okawaru
 16857 | Lair:1   | Learned a level 2 spell: Wereblood
 17042 | Lair:1   | Received a gift from Okawaru
 17530 | Lair:1   | You fall into a shaft and drop 1 floor!
 18204 | Lair:2   | Found a staircase to the Snake Pit.
 18240 | Lair:2   | Reached skill level 1 in Armour
 18456 | Lair:2   | Gained mutation: You can use your snake-like lower body to
                  | constrict enemies. [Naga growth]
 18456 | Lair:2   | Reached XP level 13. HP: 98/102 MP: 18/23
 18592 | Lair:2   | Received a gift from Okawaru
 18837 | Lair:2   | Found a staircase to the Shoals.
 19020 | Lair:2   | Reached skill level 1 in Dodging
 19394 | Lair:2   | Identified the +5 war axe "Plog" {heavy, Int+3}
 19981 | Lair:3   | Received a gift from Okawaru
 20118 | Lair:3   | Reached skill level 3 in Fighting
 20805 | Lair:3   | Found a shimmering blue altar of Sif Muna.
 21243 | Lair:4   | Reached skill level 4 in Fighting
 21607 | Lair:4   | Identified the +5 rapier "Adeh" {drain, rC+ rCorr Str+3
                  | Int-4}
 21761 | Lair:4   | Reached XP level 14. HP: 111/114 MP: 22/25
 21775 | Lair:4   | Reached skill level 5 in Armour
 21775 | Lair:4   | Reached skill level 15 in Invocations
 22087 | Lair:5   | Entered Level 5 of the Lair of Beasts
 22089 | Lair:5   | Found a staircase to the Slime Pits.
 22324 | Lair:5   | Reached skill level 15 in Maces & Flails
 22426 | Lair:5   | Reached skill level 5 in Fighting
 22658 | Lair:5   | Found a runed translucent gate.
 22658 | Lair:5   | Found a runed translucent gate.
 22658 | Lair:5   | Found a runed translucent gate.
 22663 | Lair:5   | Noticed Domino's ghost (journeyman MiBe)
 22925 | Lair:5   | Received a gift from Okawaru
 22985 | Lair:5   | Found a burning altar of Makhleb.
 23023 | Lair:5   | Reached skill level 6 in Fighting
 23506 | Lair:5   | Found a gateway to Hell.
 24137 | D:8      | Bought transparent ice dragon scales for 1365 gold pieces
 24137 | D:8      | Identified the +4 ice dragon scales of Zaepp {rPois rF-
                  | rC++ Will+ Str+3 Int+3} (You bought it in a shop on level 8
                  | of the Dungeon)
 24200 | D:10     | Killed Lodul
 24504 | D:11     | Found a staircase to the Orcish Mines.
 24748 | D:11     | Noticed Nergalle
 24761 | D:11     | Killed Nergalle
 24851 | D:11     | Received a gift from Okawaru
 24861 | D:11     | Identified a scroll of acquirement
 24913 | D:11     | Acquired the ring of Erphen {Contam rElec rPois MP+9}
 25104 | Orc:1    | Entered Level 1 of the Orcish Mines
 25115 | Orc:1    | Reached skill level 7 in Fighting
 25209 | Orc:1    | Found Kythref's General Store.
 25313 | Orc:1    | Noticed an orc warlord
 25323 | Orc:1    | Killed an orc warlord
 25670 | Orc:1    | Bought a scroll of acquirement for 728 gold pieces
 25671 | Orc:1    | Acquired the +0 barding "Qigutoc" {rF++ rCorr Dex-5}
 25698 | Orc:2    | Entered Level 2 of the Orcish Mines
 25698 | Orc:2    | Noticed an orc warlord
 25842 | Orc:1    | Killed an orc warlord
 25947 | Orc:2    | Reached XP level 15. HP: 103/132 MP: 14/27
 25954 | Orc:2    | Identified the +0 helmet "Forget-Me-Not" {-Tele rPois MP+9
                  | Stlth+} (Okawaru gifted it to you on level 2 of the Orcish
                  | Mines)
 25954 | Orc:2    | Received a gift from Okawaru
 25962 | Orc:2    | Reached skill level 8 in Fighting
 26297 | Orc:2    | Found Piohad's Distillery.
 27017 | Orc:2    | Found Zepp's Distillery.
 27025 | Orc:2    | Found Usewocucudgh's Book Emporium.
 27030 | Orc:2    | Bought a potion of heal wounds for 75 gold pieces
 27030 | Orc:2    | Bought a potion of curing for 45 gold pieces
 27327 | Orc:2    | Found a staircase to the Elven Halls.
 27367 | Orc:2    | Reached skill level 9 in Fighting
 27391 | Orc:2    | Found Kanagi's Magic Scroll Boutique.
 27392 | Orc:2    | Found Yxeul's Armour Emporium.
 27393 | Orc:2    | Found Pahon's Distillery.
 27459 | Orc:2    | Bought a scroll of enchant weapon for 105 gold pieces
 27460 | Orc:2    | Bought a scroll of magic mapping for 105 gold pieces
 28309 | D:12     | Found an opulent altar of Gozag.
 29091 | D:12     | Learned a level 3 spell: Vhi's Electric Charge
 29309 | D:12     | Reached skill level 10 in Fighting
 29312 | D:12     | Received a gift from Okawaru
 29587 | D:13     | Reached skill level 1 in Spellcasting
 29587 | D:13     | Reached skill level 1 in Transmutations
 29668 | D:13     | Noticed a storm dragon
 29689 | D:13     | Killed a storm dragon
 29853 | D:13     | Found the +10 Black Knight's barding {ponderous, rPois rN+}
 29885 | D:13     | Identified the staff of poison "Jamisae" {rPois Str+3
                  | Int+3}
 30366 | D:14     | Received a gift from Okawaru
 30401 | D:14     | Found a gate leading to a gauntlet.
 30410 | Gauntlet | Entered a Gauntlet
 30410 | Gauntlet | Found a transporter.
 30420 | Gauntlet | Found a transporter.
 30423 | Gauntlet | Found a transporter.
 30424 | Gauntlet | Found a transporter.
 30435 | Gauntlet | Found a transporter.
 30435 | Gauntlet | Found a transporter.
 30436 | Gauntlet | Found a transporter.
 30444 | Gauntlet | Found a transporter.
 30447 | Gauntlet | Found a transporter.
 30448 | Gauntlet | Found a transporter.
 30457 | Gauntlet | Found a transporter.
 30459 | Gauntlet | Found a transporter.
 30460 | Gauntlet | Found a transporter.
 30464 | Gauntlet | Found a runed translucent door.
 30464 | Gauntlet | Found a runed translucent door.
 30468 | Gauntlet | Found a transporter.
 30982 | D:14     | Reached XP level 16. HP: 148/148 MP: 23/29
 31104 | D:14     | Reached skill level 11 in Fighting
 31190 | D:14     | Found a gate to the Vaults.
 31197 | D:14     | Received a gift from Okawaru
 31528 | D:14     | Received a gift from Okawaru
 31539 | D:14     | Reached skill level 1 in Translocations
 31792 | D:14     | Identified the +1 ring mail "Jikkexof" {Rampage Str-2
                  | Int+2}
 31896 | D:15     | Entered Level 15 of the Dungeon
 32027 | D:15     | Reached ****** piety under Okawaru
 32167 | D:15     | Identified the +2 helmet of Experimentation {rN+ Str+3
                  | Int-5} (Okawaru gifted it to you on level 15 of the
                  | Dungeon)
 32167 | D:15     | Received a gift from Okawaru
 32184 | D:15     | Reached skill level 12 in Fighting
 32731 | D:15     | Found a staircase to the Depths.
 32916 | D:15     | Found Meutim's Armour Shoppe.
 33117 | Snake:1  | Entered Level 1 of the Snake Pit
 33275 | Snake:1  | Found Epunis's Armour Emporium.
 33460 | Snake:1  | Noticed Mlioglotl
 33921 | Snake:1  | Reached XP level 17. HP: 124/162 MP: 5/30
 33925 | Snake:1  | Reached skill level 5 in Translocations
 34237 | Snake:1  | Killed Mlioglotl
 34558 | Snake:1  | Identified the +8 demon whip of Wawour {vamp, rPois Will+
                  | Int+6 Stlth+} (Okawaru gifted it to you on level 1 of the
                  | Snake Pit)
 34558 | Snake:1  | Received a gift from Okawaru
 35011 | Snake:1  | Bought the +2 pair of gloves of Voracious Wonder {Rampage
                  | rF++ Str-2 Stlth+} for 564 gold pieces
 35286 | Snake:2  | Reached skill level 13 in Fighting
 35498 | Snake:2  | Found Bodwago's Assorted Antiques.
 35498 | Snake:2  | Found Joj Zera's General Store.
 35714 | Snake:2  | Bought a scroll labelled DISKAM NYFUANG for 30 gold pieces
 35796 | Snake:2  | Reached skill level 1 in Air Magic
 35811 | Snake:2  | Identified the +1 pair of gloves of Going Fast {*Slow Str+3
                  | Int+3} (Okawaru gifted it to you on level 2 of the Snake
                  | Pit)
 35811 | Snake:2  | Received a gift from Okawaru
 36405 | Shoals:1 | Entered Level 1 of the Shoals
 37195 | Shoals:1 | Found the +15 Maxwell's patent armour {-Cast -Tele rElec
                  | Will+ rCorr}
 38571 | Shoals:3 | Reached XP level 18. HP: 153/174 MP: 32/32
 38585 | Shoals:3 | Received a gift from Okawaru
 38695 | Shoals:3 | Reached skill level 14 in Fighting
 38872 | Shoals:4 | Entered Level 4 of the Shoals
 39245 | Shoals:4 | Reached skill level 10 in Shields
 39693 | Shoals:4 | Identified the ring "Jyaqiop" {rF++ rC+ Will- MP+9 Stlth+}
 40656 | Shoals:4 | Got a barnacled rune of Zot
 41923 | Snake:3  | Identified the +0 ring mail "Qunuycac" {Rampage rN+}
                  | (Okawaru gifted it to you on level 3 of the Snake Pit)
 41923 | Snake:3  | Received a gift from Okawaru
 41924 | Snake:3  | Reached skill level 15 in Fighting
 42386 | Snake:3  | Found Hopac's Weapon Emporium.
 42705 | Snake:4  | Entered Level 4 of the Snake Pit
 42707 | Snake:4  | Noticed Bai Suzhen
 42727 | Snake:4  | Killed Bai Suzhen
 43032 | Snake:4  | Reached XP level 19. HP: 184/188 MP: 22/33
 43078 | Snake:3  | Reached skill level 16 in Fighting
 43831 | Snake:3  | Received a gift from Okawaru
 43969 | Snake:4  | Noticed Aizul
 43971 | Snake:4  | Found Yrastri's Antique Weapon Shop.
 43981 | Snake:4  | Killed Aizul
 44009 | Snake:4  | Noticed Nikola
 44023 | Snake:4  | Killed Nikola
 44456 | Snake:4  | Received a gift from Okawaru
 44486 | Snake:4  | Got a serpentine rune of Zot
 44789 | Vaults:1 | Entered Level 1 of the Vaults
 44818 | Vaults:1 | Identified the +4 scale mail of the Salamander {rElec rN+++
                  | Str-4 Dex-5} (Okawaru gifted it to you on level 1 of the
                  | Vaults)
 44818 | Vaults:1 | Received a gift from Okawaru
 44845 | Vaults:1 | Reached skill level 17 in Fighting
 45707 | Vaults:1 | Reached XP level 20. HP: 192/201 MP: 34/34
 45755 | Vaults:1 | Received a gift from Okawaru
 46048 | Vaults:1 | Identified the +0 barding of Understanding {rPois Int+3}
                  | (Okawaru gifted it to you on level 1 of the Vaults)
 46048 | Vaults:1 | Received a gift from Okawaru
 46965 | Vaults:2 | Found a staircase to the Crypt.
 47367 | Vaults:2 | Identified the +2 chain mail of Autotheism {Regen+}
 47634 | Vaults:2 | Reached skill level 5 in Spellcasting
 48010 | Vaults:2 | Found a runed translucent gate.
 48011 | Vaults:2 | Noticed Fypuno Aqar's ghost (adept DEFE)
 48012 | Vaults:2 | Found a runed translucent gate.
 48013 | Vaults:2 | Found a runed translucent gate.
 48014 | Vaults:2 | Identified the ring "Erhyuler" {+Blink Will+ rCorr Int-2
                  | Dex+2}
 48220 | Vaults:2 | Reached skill level 18 in Fighting
 48275 | Vaults:2 | Identified the scarf of the Castellan {+Inv, -Tele Rampage
                  | Int+4 Slay+3} (Okawaru gifted it to you on level 2 of the
                  | Vaults)
 48275 | Vaults:2 | Received a gift from Okawaru
 48666 | Vaults:2 | Killed Fypuno Aqar's ghost
 48673 | Vaults:2 | Identified the +1 pair of boots of the Narrow God {-Cast
                  | rN++ rCorr SInv}
 48873 | Vaults:3 | Found a flickering gateway to a bazaar.
 48899 | Bazaar   | Entered a bazaar
 48901 | Bazaar   | Found Vidopouss's Assorted Antiques.
 48905 | Bazaar   | Found Yliqami's General Store.
 48905 | Bazaar   | Found Qalicoh's Jewellery Boutique.
 48906 | Bazaar   | Found Raiwocew's Antique Armour Boutique.
 48938 | Bazaar   | Bought a scroll of blinking for 247 gold pieces
 48938 | Bazaar   | Bought a scroll of enchant armour for 247 gold pieces
 49377 | Vaults:3 | Reached XP level 21. HP: 211/212 MP: 35/35
 49724 | Vaults:3 | Received a gift from Okawaru
 49924 | Vaults:3 | Reached skill level 10 in Armour
 50316 | Vaults:3 | Received a gift from Okawaru
 50472 | Vaults:3 | Identified the +4 scale mail "Feqaxye" {rF+ MP+9}
 50725 | Vaults:4 | Noticed Frederick
 50744 | Vaults:4 | Killed Frederick
 51077 | Vaults:4 | Reached skill level 15 in Shields
 51307 | Vaults:4 | Found Taacic's Jewellery Emporium.
 51632 | Vaults:4 | Identified the +6 scale mail of Xesig {rN+ Int+3 Slay-3}
                  | (Okawaru gifted it to you on level 4 of the Vaults)
 51632 | Vaults:4 | Received a gift from Okawaru
 51633 | Vaults:4 | Reached skill level 10 in Translocations
 51695 | Vaults:4 | Found Iwetocs's Antique Weapon Emporium.
 51885 | Vaults:4 | Found Beivyc's Assorted Antiques.
 52109 | Vaults:4 | Found Eminoq's Jewellery Boutique.
 52386 | Depths:1 | Entered Level 1 of the Depths
 52989 | Depths:2 | Reached skill level 5 in Transmutations
 53024 | Depths:2 | Reached skill level 19 in Fighting
 53024 | Depths:2 | Found a sacrificial altar of Ru.
 53071 | Depths:2 | Reached XP level 22. HP: 165/224 MP: 34/36
 53089 | Depths:2 | Received a gift from Okawaru
 53092 | Depths:2 | Noticed Louise
 53093 | Depths:2 | Reached skill level 5 in Evocations
 53428 | Depths:2 | Found a one-way gateway to a ziggurat.
 53481 | Depths:2 | Killed Louise
 53594 | Depths:2 | Found a one-way gate to the infinite horrors of the Abyss.
 54200 | Depths:2 | Found a one-way gate leading to the halls of Pandemonium.
 55066 | Depths:3 | Received a gift from Okawaru
 55543 | Depths:4 | Entered Level 4 of the Depths
 55693 | Depths:4 | Found a sparkling altar of Nemelex Xobeh.
 56240 | Depths:4 | Noticed a golden dragon
 56252 | Depths:4 | Killed a golden dragon
 56252 | Depths:4 | Received a gift from Okawaru
 56414 | Depths:4 | Found a transporter.
 56434 | Depths:4 | Noticed Ruem's ghost (journeyman MiBe)
 56435 | Depths:4 | Identified the +2 great mace of the Endless March {freeze,
                  | Will- Dex+2 Stlth+}
 56435 | Depths:4 | Identified the +0 giant club "Romijiga" {vamp, rPois SInv}
 56495 | Depths:4 | Found a transporter.
 56724 | Depths:4 | Found a gate to the Realm of Zot.
 57347 | Depths:4 | Killed Ruem's ghost
 57348 | Depths:4 | Reached XP level 23. HP: 173/235 MP: 37/37
 57374 | Depths:4 | Identified the +1 pair of boots "Umerugg" {rPois}
 57863 | Crypt:1  | Entered Level 1 of the Crypt
 58043 | Crypt:1  | Found a magical portal.
 58056 | WizLab   | Entered Wucad Mu's Monastery
 58190 | WizLab   | Found the crystal ball of Wucad Mu {*channel}
 58199 | WizLab   | Identified the +2 ring mail of Voongext {rElec} (Okawaru
                  | gifted it to you in a wizard's laboratory)
 58199 | WizLab   | Received a gift from Okawaru
 58232 | WizLab   | Reached skill level 20 in Fighting
 58232 | WizLab   | Reached XP level 24. HP: 243/243 MP: 37/37
 59093 | Crypt:2  | Reached skill level 21 in Fighting
 59584 | Crypt:3  | Entered Level 3 of the Crypt
 59618 | Crypt:3  | Acquired the +5 demon whip "Spellbinder" {antimagic,
                  | disrupt, Will+}
 59618 | Crypt:3  | Found the +5 demon whip "Spellbinder" {antimagic, disrupt,
                  | Will+}
 60187 | Crypt:3  | Noticed Zenata
 60197 | Crypt:3  | Killed Zenata
 60603 | Crypt:3  | Reached skill level 22 in Fighting
 60670 | Crypt:3  | Noticed Jory
 60691 | Crypt:3  | Killed Jory
 60745 | Crypt:3  | Received a gift from Okawaru
 61001 | Crypt:3  | Noticed Saint Roka
 61179 | Crypt:3  | Found a staircase to the Tomb.
 61191 | Crypt:2  | Found a basalt altar of Yredelemnul.
 61362 | Crypt:3  | Killed Saint Roka
 61472 | Crypt:3  | Identified the ring of Badwerer {rN+ Will+ Str+4}
 61472 | Crypt:3  | Identified the ring "Bumi" {rElec rN+ Dex+3}
 61472 | Crypt:3  | Identified the ring "Feodgh" {rPois rN+ MP-9 Dex+6}
 61568 | Crypt:3  | Identified the ring "Jusmeax" {MP+9 Int+2}
 61906 | Crypt:3  | Got the Teachings on Skeletons
 62144 | Crypt:1  | Noticed Grunn
 62186 | Crypt:1  | Killed Grunn
 62738 | Vaults:5 | Entered Level 5 of the Vaults
 62748 | Vaults:5 | Found Dopuph's Magic Scroll Shoppe.
 62753 | Vaults:5 | Bought a scroll of blinking for 142 gold pieces
 62757 | Vaults:5 | Found Pupnaiga's Distillery.
 62784 | Vaults:5 | Received a gift from Okawaru
 62798 | Vaults:5 | Reached skill level 23 in Fighting
 62810 | Vaults:5 | Got a silver rune of Zot
 62834 | Vaults:5 | Noticed Margery
 62850 | Vaults:5 | Identified the +3 acid dragon scales of Exclusion {Will++
                  | rCorr} (Okawaru gifted it to you on level 5 of the Vaults)
 62850 | Vaults:5 | Received a gift from Okawaru
 62868 | Vaults:5 | Killed Margery
 62901 | Vaults:5 | Reached XP level 25. HP: 250/258 MP: 37/37
 63045 | Vaults:5 | Found Gatup's Magic Scroll Boutique.
 63045 | Vaults:5 | Found Sasacvu's Distillery.
 63049 | Vaults:5 | Bought a scroll of enchant armour for 97 gold pieces
 63057 | Vaults:5 | Found Hetreham's Magic Scroll Shop.
 63058 | Vaults:5 | Bought a potion of heal wounds for 115 gold pieces
 63058 | Vaults:5 | Bought a potion of heal wounds for 115 gold pieces
 63058 | Vaults:5 | Bought a potion of heal wounds for 115 gold pieces
 63088 | Vaults:5 | Found Xuqi's Magic Scroll Boutique.
 63111 | Vaults:5 | Bought a scroll of acquirement for 884 gold pieces
 63112 | Vaults:5 | Acquired 986 gold pieces
 63289 | Vaults:5 | Noticed an ancient lich
 63307 | Vaults:5 | Killed an ancient lich
 63406 | Vaults:5 | Identified the +1 battleaxe "Gehunu" {holy, Int+4}
 63491 | Vaults:5 | Identified the +10 executioner's axe of the Hand {elec,
                  | Fragile rPois rC++ Str+2}
 63867 | Vaults:5 | Identified the +9 storm dragon scales of Rotation {rElec
                  | Stlth+}
 64059 | Vaults:5 | Noticed a dread lich
 64086 | Vaults:5 | Identified the +1 barding of Fuuri {Fly rPois} (Okawaru
                  | gifted it to you on level 5 of the Vaults)
 64086 | Vaults:5 | Received a gift from Okawaru
 64137 | Vaults:5 | Killed a dread lich
 64995 | Zot:1    | Entered Level 1 of the Realm of Zot
 65204 | Zot:1    | Reached skill level 24 in Fighting
 65751 | Elf:1    | Entered Level 1 of the Elven Halls
 66118 | Elf:1    | Identified the +8 flail "Qutourr" {freeze, Will+} (Okawaru
                  | gifted it to you on level 1 of the Elven Halls)
 66118 | Elf:1    | Received a gift from Okawaru
 66204 | Elf:1    | Paralysed by an air elemental for 1 turns
 66213 | Elf:1    | Paralysed by an air elemental for 1 turns
 66700 | Elf:2    | Reached XP level 26. HP: 277/277 MP: 35/37
 66707 | Elf:2    | Found a runed translucent gate.
 66707 | Elf:2    | Found a runed translucent gate.
 66707 | Elf:2    | Found a runed translucent gate.
 66855 | Elf:2    | Noticed Azrael
 66861 | Elf:2    | Killed Azrael
 67009 | Elf:2    | Received a gift from Okawaru
 67137 | Elf:2    | Found Obumil's Book Emporium.
 67231 | Elf:3    | Entered Level 3 of the Elven Halls
 68207 | Elf:3    | Identified the +7 spear of Parts Unknown {flame, MP+9}
 68213 | Elf:3    | Identified the amulet "Kozxuax" {Spirit *Slow Int+4}
 68340 | Elf:3    | Identified the staff of fire "Balumar" {rF+ rN++ Will+ MP-9
                  | Stlth+}
 68433 | Elf:3    | Identified the staff of death "Wirphiz" {Fragile rElec rC+
                  | rN+ Str+6}
 68538 | Elf:3    | Identified the +9 long sword of Boarotan {drain, Str+2
                  | Int+7}
 68620 | Elf:3    | Identified the +9 mace of Fundamental Breach {heavy, +Blink
                  | rN+}
 68938 | Elf:3    | Identified the +0 morningstar of Iratsitze {chaos, Int+3}
 68968 | Elf:3    | Found the +3 pair of mountain boots {steadfast, rC+}
 68970 | Elf:3    | Identified the +9 shortbow of Duloynat {flame, Int+3}
 69397 | Vaults:5 | Bought a scroll of blinking for 127 gold pieces
 69397 | Vaults:5 | Bought 3 scrolls of acquirement for 2652 gold pieces
 69397 | Vaults:5 | Bought a scroll of enchant armour for 127 gold pieces
 69398 | Vaults:5 | Acquired a manual of Shields
 69400 | Vaults:5 | Acquired 914 gold pieces
 69401 | Vaults:5 | Acquired 613 gold pieces
 69472 | Vaults:4 | Bought the ring "Lum Racs" {Str+5 Int+6} for 1016 gold
                  | pieces
 70238 | Zot:4    | Learned a level 2 spell: Blink
 70339 | Zot:4    | Received a gift from Okawaru
 71492 | Zot:5    | Entered Level 5 of the Realm of Zot
 72076 | Zot:5    | Received a gift from Okawaru
 72180 | Zot:5    | Noticed an ancient lich
 72225 | Zot:5    | Killed an ancient lich
 72311 | Zot:5    | Noticed a Killer Klown
 72320 | Zot:5    | Noticed an orb of fire
 72321 | Zot:5    | Gained mutation: You are vulnerable to cold. (rC-) [an orb
                  | of fire]
 72330 | Zot:5    | Killed a Killer Klown
 72331 | Zot:5    | Reached XP level 27. HP: 243/288 MP: 4/37
 72358 | Zot:5    | Killed an orb of fire
 72360 | Zot:5    | Noticed an orb of fire
 72388 | Zot:5    | Gained mutation: You are weak. (Str -2) [an orb of fire]
 72389 | Zot:5    | Killed an orb of fire
 72451 | Zot:5    | Noticed an orb of fire
 72468 | Zot:5    | Gained mutation: You sometimes lose your temper in combat.
                  | [an orb of fire]
 72488 | Zot:5    | Killed an orb of fire
 72488 | Zot:5    | Received a gift from Okawaru
 72502 | Zot:5    | Noticed a dread lich
 72514 | Zot:5    | Killed a dread lich
 73191 | Elf:3    | Lost mutation: You are weak. (Str -2) [potion of mutation]
 73191 | Elf:3    | Lost mutation: You sometimes lose your temper in combat.
                  | [potion of mutation]
 73191 | Elf:3    | Gained mutation: You are clumsy. (Dex -2) [potion of
                  | mutation]
 73191 | Elf:3    | Gained mutation: You possess an exceptional clarity of
                  | mind. [potion of mutation]
 73191 | Elf:3    | Gained mutation: You are partially covered in iridescent
                  | scales. (AC +2) [potion of mutation]
 73191 | Elf:3    | Gained mutation: Your spells are a little harder to cast,
                  | but a little more powerful. [potion of mutation]
 73192 | Elf:3    | Lost mutation: You are partially covered in iridescent
                  | scales. (AC +2) [potion of mutation]
 73192 | Elf:3    | Lost mutation: You are clumsy. (Dex -2) [potion of
                  | mutation]
 73192 | Elf:3    | Gained mutation: You expend magic power (3 MP) to
                  | strengthen your wands. [potion of mutation]
 73192 | Elf:3    | Gained mutation: You passively map a small area around you.
                  | [potion of mutation]
 73193 | Elf:3    | Lost mutation: Your spells are a little harder to cast, but
                  | a little more powerful. [potion of mutation]
 73193 | Elf:3    | Lost mutation: You passively map a small area around you.
                  | [potion of mutation]
 73193 | Elf:3    | Lost mutation: You possess an exceptional clarity of mind.
                  | [potion of mutation]
 73193 | Elf:3    | Gained mutation: Your flesh is heat resistant. (rF+)
                  | [potion of mutation]
 73193 | Elf:3    | Gained mutation: You are agile. (Dex +4, Str/Int -1)
                  | [potion of mutation]
 73193 | Elf:3    | Gained mutation: You are somewhat resistant to further
                  | mutation. [potion of mutation]
 73194 | Elf:3    | Lost mutation: You are agile. (Dex +4, Str/Int -1) [potion
                  | of mutation]
 73194 | Elf:3    | Lost mutation: You expend magic power (3 MP) to strengthen
                  | your wands. [potion of mutation]
 73194 | Elf:3    | Lost mutation: You are somewhat resistant to further
                  | mutation. [potion of mutation]
 73194 | Elf:3    | Gained mutation: Your spells are a little easier to cast,
                  | but a little less powerful. [potion of mutation]
 73194 | Elf:3    | Gained mutation: Your muscles are strong. (Str +4, Int/Dex
                  | -1) [potion of mutation]
 73194 | Elf:3    | Gained mutation: You have a pair of small horns on your
                  | head. [potion of mutation]
 73195 | Elf:3    | Lost mutation: You have a pair of small horns on your head.
                  | [potion of mutation]
 73195 | Elf:3    | Lost mutation: Your flesh is heat resistant. (rF+) [potion
                  | of mutation]
 73195 | Elf:3    | Gained mutation: You sometimes lose your temper in combat.
                  | [potion of mutation]
 73195 | Elf:3    | Gained mutation: You are robust. (+10% HP) [potion of
                  | mutation]
 73196 | Elf:3    | Lost mutation: You are vulnerable to cold. (rC-) [potion of
                  | mutation]
 73196 | Elf:3    | Lost mutation: Your spells are a little easier to cast, but
                  | a little less powerful. [potion of mutation]
 73196 | Elf:3    | Lost mutation: You sometimes lose your temper in combat.
                  | [potion of mutation]
 73196 | Elf:3    | Gained mutation: You are strong-willed. (Will+) [potion of
                  | mutation]
 73196 | Elf:3    | Gained mutation: You sometimes lose your temper in combat.
                  | [potion of mutation]
 73709 | Zot:5    | Noticed an orb of fire
 73718 | Zot:5    | Gained mutation: Your magical capacity is low. (-10% MP)
                  | [an orb of fire]
 73728 | Zot:5    | Lost mutation: Your muscles are strong. (Str +4, Int/Dex
                  | -1) [an orb of fire]
 73787 | Zot:5    | Noticed an orb of fire
 73797 | Zot:5    | Noticed an orb of fire
 73811 | Zot:5    | Killed an orb of fire
 73811 | Zot:5    | Identified the +1 barding "Zebles" {Fly rPois} (Okawaru
                  | gifted it to you on level 5 of the Realm of Zot)
 73811 | Zot:5    | Received a gift from Okawaru
 73816 | Zot:5    | Gained mutation: You are dopey. (Int -2) [an orb of fire]
 73832 | Zot:5    | Killed an orb of fire
 73915 | Zot:5    | Killed an orb of fire
 73977 | Zot:5    | Reached skill level 15 in Armour
 73986 | Zot:5    | Got the Orb of Zot
 74066 | Zot:2    | Noticed Debb the pandemonium lord
 74080 | Zot:2    | Killed Debb the pandemonium lord
 74122 | Zot:1    | Noticed Maweilu the pandemonium lord
 74184 | Depths:3 | Killed Maweilu the pandemonium lord
 74587 | D:8      | Noticed Soosol the pandemonium lord
 74587 | D:8      | Noticed an ancient lich
 74657 | D:6      | Noticed Nur Quuf the pandemonium lord
 74756 | D:2      | Noticed Likiz the pandemonium lord
 74777 | D:2      | Killed Likiz the pandemonium lord
 74826 | D:$      | Escaped with the Orb!

Illustrated notes

Levels and vault maps discovered:
D:1:      dpeg_arrival_circle_labyrinth_c, layout_basic, amethyst_killhole,
          grunt_decor_mini_mirrors
D:2:      layout_loops_corners, hangedman_decor_peaks_small,
          kennysheep_decorative_pillar, dk_noncrumbling_4
D:3:      layout_basic, chequers_ecumenical_altar_island,
          chequers_serial_rivers_micro_b, roderic_serpentine_path, uniq_sigmund
D:4:      black_bear_nest_2, layout_gridville, ashenzari_altar_1,
          minmay_temple_entry_statues_fountains, uniq_ijyb
D:5:      layout_basic, gammafunk_temple_overflow_claw,
          nicolae_qazlal_general_emergency, serial_shops, shop_statue,
          minivault_24
D:6:      layout_cave_pools, elyvilon_altar_4, mainiacjoe_overflow_brackets,
          serial_glass, glass_columns_a, glass_columns_a
D:7:      layout_cave_pools, mainiacjoe_overflow_tiny_flanked,
          nicolae_ossuary_entry_giza, gammafunk_ghost_berserking_beasts
D:8:      layout_rooms, serial_shops, shop, nicolae_shop_distant_corner_stores,
          david_defended_altar_orc, uniq_joseph, uniq_pikel, uniq_gastronok,
          uniq_psyche
D:9:      layout_layer_cave, overflow_temple_1_default, vehumet_statue,
          enter_bailey_3, nicolae_fountain_basement
D:10:     layout_big_octagon, mainiacjoe_overflow_small_starburst,
          lemuel_zombie_altar_yredelemnul, mainiacjoe_overflow_alcove_1,
          minmay_lair_entry_grove, serial_gnoll_camp, gnoll_camp_mini_hut,
          gnoll_camp_mini_house, gnoll_camp_mini_sergeant, corner_web_ring,
          nrook_mini_vaults, uniq_lodul, uniq_urug
D:11:     layout_rooms, minmay_orc_entry_temple_small, uniq_nergalle
D:12:     minmay_thinvault, layout_loops_ring, grunt_gozag_breadcrumbs
D:13:     minmay_strange_plus, layout_cave_pools
D:14:     layout_rooms, grunt_vaults_entry_tiered, gauntlet_entry_generic,
          minmay_misc_feat_tiny, serial_curves, eino_curves_01, eino_curves_01,
          eino_curves_04
D:15:     hangedman_depths_entry_try_elsewhere_first, layout_basic,
          serial_shops, nicolae_shop_waterfront, nicolae_titane
Temple:   nicolae_temple_ecumenical_triangle
Lair:1:   layout_chaotic_city
Lair:2:   layout_gridlike, minmay_shoals_entry_beasts,
          minmay_snake_entry_six_corridors, bobbens_dragon_lair_wall
Lair:3:   layout_chaotic_city, lemuel_centaur_altar
Lair:4:   layout_cave_pods, grunt_megastairs_1, lemuel_fruit_tree
Lair:5:   evil_forest, layout_long_grid, slime_entry_1,
          gammafunk_ghost_necromancy
Shoals:1: layout_shoals, nicolae_shoals_water_elemental_grotto
Shoals:2: layout_shoals
Shoals:3: layout_shoals
Shoals:4: shoals_end_hangedman, layout_shoals
Snake:1:  layout_layer_cave, serial_shops, nicolae_shop_waterfront,
          uniq_mlioglotl
Snake:2:  layout_onion_interference, minmay_shoptagon
Snake:3:  nicolae_snake_attic_fulla_snakes, layout_honeycomb, serial_shops,
          nicolae_shop_competitors_out_of_business
Snake:4:  snake_hunt, layout_onion_interference, serial_shops,
          nicolae_shop_window_shopping, grunt_ministairs_5, drop_trap,
          uniq_aizul, uniq_bai_suzhen, uniq_nikola
Orc:1:    layout_caves, serial_shops, shop, hellmonk_guarded_unrand_dark_maul
Orc:2:    st_orc_elflike, layout_caves, guppyfry_orc_lava_fort
Elf:1:    layout_geoelf_grid, minivault_28
Elf:2:    elven_hall_of_blades_hangedman_original [nicolae_blade_bullseye],
          layout_geoelf_grid, serial_shops, shop, uniq_azrael, uniq_donald
Elf:3:    nooodl_elf_gasket, layout_onion_city
Vaults:1: nicolae_vaults_what_the_h, grunt_vaults_funnel, grunt_vaults_swirl,
          nicolae_vaults_quartermaster, nicolae_vaults_ninety_degrees,
          hangedman_vaults_cutoff, v_alt_pattern_1,
          nicolae_vaults_windows_and_doors_thing,
          ontoclasm_vaults_loading_screen, vaults_room_large_hall,
          layout_vaults_big_room
Vaults:2: biasface_ghost_orc_armoury, minmay_crypt_entry_simple_round,
          nicolae_vaults_statue_guard, hangedman_vaults_hat,
          hangedman_vaults_maws, v_misc_22, v_misc_31,
          hangedman_vaults_river_flow, vaults_room_grunt_arrival_ludios,
          ontoclasm_vaults_twist, nicolae_vaults_three_branches,
          layout_vaults_omnicross
Vaults:3: v_misc_32, dpeg_vaults_hating_casters, v_misc_23, v_misc_26,
          hangedman_vaults_stretched_pinwheel, vaults_mumra_minichess,
          hangedman_vaults_slither, vaults_room_ringed_pool, vaults_room_pools,
          nicolae_vaults_network_periphery, v_pattern_5, vaults_dpeg_ring,
          layout_vaults_maze_snakey, serial_shops, bzr_entry_safe
Vaults:4: ontoclasm_vaults_shout, v_misc_23, nicolae_vaults_circle_grid_b,
          nicolae_vaults_little_ls, nicolae_vaults_shelves_hall, v_misc_27,
          hangedman_vaults_slice, ontoclasm_vaults_fault,
          dpeg_vaults_monster_box, hangedman_vaults_pinch,
          hangedman_vaults_trim, v_misc_29, layout_vaults_ring, serial_shops,
          shop, shop, shop, nicolae_shop_overgrown_old_shop, uniq_frederick
Vaults:5: uniq_margery
Crypt:1:  layout_misc_corridors, mu_enter_wizlab_6, skrybe_necro_troll_2,
          grunt_crypt_arrival_webbed, uniq_grunn
Crypt:2:  layout_misc_corridors, serial_glass, glass_columns_a, glass_columns_a,
          glass_columns_b, glass_columns_a, glass_columns_a, glass_columns_b,
          lemuel_upstairs_altar
Crypt:3:  due_elkab, layout_chaotic_city, serial_sigils,
          serial_sigils_hangedman_quiver, serial_sigils_hangedman_confine,
          serial_sigils_hangedman_stare, serial_sigils_hangedman_quiver,
          uniq_zenata, uniq_saint_roka
Depths:1: layout_cave_pools, hell_entry, kennysheep_just_a_vault,
          grunt_megastairs_3, serial_bayou_shore_a, uniq_sojobo
Depths:2: minmay_inner_zag, layout_honeycomb, enter_ziggurat_b,
          nicolae_ru_awakened_eye, grunt_pan_entry_sceptre,
          nicolae_abyss_entry_one_way_or_another, hangedman_geh_valley,
          minmay_misc_feat_more_columns, minmay_staircase_windowed_small,
          serial_bayou_shore_b
Depths:3: nicolae_cairo_tiling_large, layout_long_grid, hell_entry, abyss_entry,
          minmay_misc_feat_plants
Depths:4: evilmike_zot_entry_argh, layout_basic, pan_entry,
          gammafunk_ghost_smash, hell_entry, nemelex_diamond_rough_becter,
          infiniplex_staircase_pool_lava
Zot:1:    layout_concentric_octagons
Zot:2:    layout_cathedral_of_symmetry
Zot:3:    layout_cathedral_of_symmetry
Zot:4:    kennysheep_blocky_room, layout_cathedral_of_symmetry, st_stairs_12
Zot:5:    layout_twisted_circle, st_stairs_11

Skill      XL: |  1  2  3  4  5  6  7  8  9 10 11 12 13 14 15 16 17 18 19 20 21 22 23 24 25 26 27 |
---------------+----------------------------------------------------------------------------------+-----
Stealth        | 6 |  6.8
Throwing       | 2 |  2.0
Maces & Flails | 1 3 4 6 7 9 12 13 14 15 16 | 16.0
Shields        | 1 2 3 5 7 8 9 11 13 14 15 16 18 19 21 22 | 22.0
Evocations     | 2 4 7 |  7.9
Invocations    | 4 5 9 13 14 16 18 19 20 | 20.0
Armour         | 1 4 5 6 8 9 10 12 14 15 | 15.4
Dodging        | 3 4 |  4.0
Fighting       | 4 7 10 12 13 15 17 18 19 20 23 24 | 24.7
Spellcasting   | 2 3 5 7 |  7.0
Transmutations | 2 5 8 |  8.0
Translocations | 4 5 6 8 10 11 13 | 13.7
Air Magic      | 2 4 |  4.0
Short Blades   | |  2.0

Action                     |  1- 3 |  4- 6 |  7- 9 | 10-12 | 13-15 | 16-18 | 19-21 | 22-24 | 25-27 || total
---------------------------+-------+-------+-------+-------+-------+-------+-------+-------+-------++-------
  Melee: Dagger            |    40 |       |       |       |       |       |       |       |       ||    40
         Halberd           |     1 |       |       |       |       |       |       |       |       ||     1
         Mace              |    22 |    48 |   247 |   233 |       |       |       |       |       ||   550
         War axe           |       |       |    38 |       |       |       |       |       |       ||    38
         Flail             |       |       |       |   508 |    14 |       |       |       |       ||   522
         Trident           |       |       |       |     9 |       |       |       |       |       ||     9
         Eveningstar       |       |       |       |       |  1044 |   880 |    23 |   537 |    94 ||  2578
         Constrict         |       |       |       |       |   205 |   292 |   323 |   214 |   229 ||  1263
         Staff             |       |       |       |       |     2 |       |       |       |       ||     2
         Demon whip        |       |       |       |       |       |   490 |  1840 |  1041 |  2147 ||  5518
   Fire: Sling             |       |       |       |   163 |       |       |       |       |       ||   163
  Throw: Dart              |     7 |     6 |    46 |    54 |    30 |     1 |     4 |     3 |     1 ||   152
         Javelin           |       |       |     3 |     1 |     2 |     2 |     1 |       |     9 ||    18
         Throwing net      |       |       |     1 |       |       |       |       |       |       ||     1
         Boomerang         |       |       |       |     1 |       |       |       |       |       ||     1
   Cast: Wereblood         |       |       |       |       |       |    18 |    12 |    13 |    15 ||    58
         Vhi's Electric Ch |       |       |       |       |       |    20 |    39 |    56 |    73 ||   188
 Invoke: Heroism           |       |       |     2 |    13 |    13 |     6 |     2 |     5 |     6 ||    47
         Duel              |       |       |       |     1 |       |       |       |       |       ||     1
         Finesse           |       |       |       |       |       |       |       |     1 |     1 ||     2
Ability: Spit Poison       |    31 |    20 |    70 |   124 |    79 |    45 |    21 |     5 |     8 ||   403
         Evoke Blink       |       |       |       |       |       |       |     1 |    18 |     8 ||    27
  Evoke: Wand              |       |       |     4 |    12 |     4 |     6 |     2 |     3 |    12 ||    43
         Lightning rod     |       |       |       |       |       |     7 |       |       |       ||     7
         Tin of tremorston |       |       |       |       |       |     4 |     2 |     3 |     2 ||    11
         Phial of floods   |       |       |       |       |       |       |     2 |       |       ||     2
    Use: Scroll            |     6 |     2 |     9 |    12 |    22 |     8 |     8 |     5 |    26 ||    98
         Potion            |     4 |       |     3 |     5 |     5 |     7 |     1 |     7 |    17 ||    49
   Stab: Sleeping          |     7 |     2 |     8 |     8 |     8 |    13 |    31 |    11 |    17 ||   105
         Distracted        |       |       |       |     1 |     5 |     1 |       |     3 |     1 ||    11
         Invisible         |       |       |       |       |       |       |       |       |     2 ||     2
 Armour: Robe              |    11 |     8 |    71 |       |       |       |       |       |       ||    90
         Leather armour    |       |       |     6 |   249 |    17 |       |       |       |       ||   272
         Ring mail         |       |       |       |     5 |   225 |       |       |       |       ||   230
         Steam dragon scal |       |       |       |       |   140 |       |       |       |       ||   140
         Plate armour      |       |       |       |       |    17 |       |       |       |       ||    17
         Ice dragon scales |       |       |       |       |    59 |   825 |   955 |   871 |   238 ||  2948
         Storm dragon scal |       |       |       |       |       |       |       |       |   643 ||   643
  Dodge: Dodged            |    21 |    16 |   139 |   278 |   248 |   287 |   317 |   241 |   245 ||  1792
  Block: Buckler           |       |       |    60 |   263 |   518 |   716 |    59 |       |       ||  1616
         Reflection        |       |       |       |     2 |    41 |    77 |       |     1 |    49 ||   170
         Kite shield       |       |       |       |       |       |       |   802 |   332 |       ||  1134
         Tower shield      |       |       |       |       |       |       |       |   927 |  1891 ||  2818

Table legend: (Time is in decaauts)
 A = Elapsed time spent in this place.
 B = Non-inter-level travel time spent in this place.
 C = Inter-level travel time spent in this place.
 D = Time resting spent in this place.
 E = Time spent auto-exploring this place.
 F = Levels seen in this place.
 G = Mean time per level.
                   A        B        C        D        E       F      G
               +--------+--------+--------+--------+--------+-----+--------+
         Total |  90791 |  80672 |  10119 |  17736 |  31315 |  57 | 1592.8 |
       Dungeon |  26059 |  22807 |   3252 |   5184 |   9301 |  15 | 1737.3 |
        Temple |     53 |     45 |      8 |      0 |      0 |   1 |   53.0 |
          Lair |   9479 |   8895 |    584 |   1904 |   4421 |   5 | 1895.8 |
        Shoals |   6437 |   5483 |    954 |   1546 |   1182 |   4 | 1609.2 |
     Snake Pit |   7718 |   7111 |    607 |   1735 |   3083 |   4 | 1929.5 |
  Orcish Mines |   2961 |   2705 |    256 |    845 |   1055 |   2 | 1480.5 |
   Elven Halls |   4561 |   4050 |    511 |    468 |   1940 |   3 | 1520.3 |
        Vaults |  12443 |  10533 |   1910 |   1854 |   4266 |   5 | 2488.6 |
         Crypt |   5352 |   5052 |    300 |   1126 |   1729 |   3 | 1784.0 |
        Depths |   6852 |   5870 |    982 |   1125 |   2549 |   4 | 1713.0 |
           Zot |   4742 |   3992 |    750 |    538 |   1285 |   5 |  948.4 |
        Bazaar |     75 |     75 |      0 |      0 |     28 |   1 |   75.0 |
       Ossuary |    508 |    508 |      0 |    120 |     76 |   1 |  508.0 |
        Bailey |   2621 |   2621 |      0 |   1187 |    241 |   1 | 2621.0 |
        Wizlab |    410 |    410 |      0 |      0 |    156 |   1 |  410.0 |
      Gauntlet |    486 |    486 |      0 |     94 |      0 |   1 |  486.0 |
         Arena |     27 |     27 |      0 |      4 |      0 |   1 |   27.0 |
               +--------+--------+--------+--------+--------+-----+--------+

Top non-repeatable levels by time:
     D:9: 3321 daAuts
Vaults:2: 3313 daAuts
 Snake:1: 3052 daAuts
 Crypt:3: 2739 daAuts
  Bailey: 2621 daAuts
   Elf:3: 2538 daAuts
Vaults:1: 2531 daAuts
Depths:4: 2416 daAuts
Vaults:5: 2368 daAuts
  Lair:1: 2340 daAuts
   Zot:4: 2228 daAuts
Shoals:2: 2150 daAuts
     D:7: 2142 daAuts
  Lair:2: 2139 daAuts
  Lair:5: 2117 daAuts
